AoeStats
← erik12bott

Arabia

509891797Analyzed
2v2 RM · 4d ago on Sep 28, 2026· 14m 21s· 4 players
Game mode
Random Map
Map size
Medium (4 player)
Population
200
Speed
Normal
Resources
Standard
Victory
Conquest
Starting age
Dark Age
Ending age
Imperial Age
RankedLock teamsTeams togetherTeam positionsShared explorationLock speedFull tech treeHidden civsTurbo modeCheats
Victory
Defeat
🇳🇴 Varangians · Norway
1125
+17
🇳🇴 Danes · Norway
1125
+17
🇫🇷 Persians · France
1140
-17
🇫🇷 Maya · France
1139
-17
DwarfLord
6:41 Loom
10:09 Feudal Age
10:14 Man-at-Arms
11:14 Arson
12:56 Double-Bit Axe
erik12bott
7:22 Loom
10:05 Feudal Age
11:54 Bloodlines
Sloy2
5:24 Loom
8:50 Feudal Age
9:20 Double-Bit Axe
Gari
0:25 Loom
8:57 Feudal Age
Connection lost

Rejoining the realm…

Still unreachable

The connection could not be restored.

Session expired

The server has moved on; the page needs a fresh start.